 Dungeon Crawl Stone Soup version 0.28.0-43-g3370ac3207 (webtiles) character file.

Game seed: 16437590653142517624

100 Tiocfaidh the Charlatan (level 5, -2/57 HPs)
             Began as a Djinni Artificer on Mar 5, 2022.
             Frozen to death by an endoplasm (4 damage)
             ... on level 4 of the Dungeon.
             The game lasted 00:11:39 (2719 turns).

Tiocfaidh the Charlatan (Djinni Artificer)          Turns: 2719, Time: 00:11:40

Health: -2/57      AC: 22    Str: 11 (13) XL:     5   Next: 3%
Gold:   138        EV:  2    Int: 10 (12) God:
                   SH:  0    Dex: 13 (14)

rFire   . . .      SeeInvis .   h - +0 dagger (elec)
rCold   . . .      Faith    .   (no shield)
rNeg    . . .      Spirit   .   (armour currently unavailable)
rPois   ∞          Reflect  .   (helmet currently unavailable)
rElec   .          Harm     .   (cloak currently unavailable)
rCorr   .          Rampage  .   (gloves currently unavailable)
Will    .....      NoTele   +   (boots unavailable)
Stlth   ++........              (no amulet)
HPRegen 0.19/turn               r - +4 ring of evasion
MPRegen 0.00/turn               t - ring of wizardry

@: tree-form, attractive
A: stationary, stasis, torment immunity, boosted hp, sickness immunity, (fire
resistance 2), (cold vulnerability 1), float, innate caster, HP casting, extra
vitality 1
a: no special abilities


You were on level 4 of the Dungeon.
You were a tree.
You visited 1 branch of the dungeon, and saw 4 of its levels.

You collected 138 gold pieces.

Inventory:

Hand Weapons
 h - a +0 dagger of electrocution (weapon)
Armour
 b - a +0 leather armour (melded)
 p - a +1 pair of gloves (melded)
Jewellery
 r - a +4 ring of evasion (left branch)
 t - a ring of wizardry (right branch)
Wands
 c - a wand of flame (10) (quivered)
 d - a wand of charming (15)
Scrolls
 f - 2 scrolls of identify {unknown}
 g - 5 scrolls of teleportation
 i - a scroll of blinking {unknown}
 j - a scroll of acquirement {unknown}
 k - a scroll of amnesia {unknown}
 n - a scroll of torment {unknown}
 s - a scroll of enchant armour {unknown}
Potions
 a - 2 potions of curing
Miscellaneous
 e - a piece from Xom's chessboard (15/15)


   Skills:
 + Level 2.2 Fighting
 + Level 1.2 Short Blades
 + Level 0.1 Maces & Flails
 + Level 1.9 Armour
 + Level 2.7 Dodging
 + Level 1.2 Stealth
 + Level 0.2 Spellcasting
 + Level 3.4 Evocations


You had one spell level left.
You knew the following spells:

 Your Spells              Type           Power      Damage    Failure   Level
a - Summon Small Mammal   Summ           0%         N/A       13%         1
b - Blink                 Tloc           0%         N/A       21%         2
Your spell library was empty.

Dungeon Overview and Level Annotations

Branches:
Dungeon (4/15)
 Temple: D:4-7

Altars:
Kikubaaqudgha


Innate Abilities, Weirdness & Mutations

You are a tree.
Your roots penetrate the ground, keeping you stationary.
You cannot be teleported.
You are immune to unholy pain and torment.
Your maximum health is greatly increased.
Your equipment is partially melded.
You are immune to sickness and miasma.
You are immune to poison.
((Your flesh is very heat resistant. (rF++)))
((You are vulnerable to cold. (rC-)))
You float through the air rather than walking.
You learn spells naturally, not from books.
Your magical power is your life essence.
You have superior vitality. (+4 MHP)


Message History

The centaur hits you but does no damage.
The centaur kicks you but does no damage.
The endoplasm hits you but does no damage.
You barely miss the centaur.
The centaur is almost dead.
The centaur hits you.
* * * LOW HITPOINT WARNING * * *
The centaur kicks you but does no damage.
The centaur hits you but does no damage.
The centaur kicks you but does no damage.
The endoplasm hits you but does no damage.
You barely miss the centaur.
The centaur is almost dead.
The centaur hits you.
* * * LOW HITPOINT WARNING * * *
The centaur kicks you.
* * * LOW HITPOINT WARNING * * *
The endoplasm hits you but does no damage.
You hit the centaur but do no damage.
The centaur is almost dead.
The centaur hits you but does no damage.
The centaur kicks you but does no damage.
The endoplasm hits you but does no damage.
The centaur completely misses you. The centaur barely misses you.
You hit the centaur but do no damage.
The centaur is almost dead.
The centaur hits you.
* * * LOW HITPOINT WARNING * * *
The centaur kicks you but does no damage.
You hit the centaur.
The centaur is almost dead.
The endoplasm hits you.
* * * LOW HITPOINT WARNING * * *
The centaur hits you but does no damage.
The centaur kicks you but does no damage.
You hit the centaur but do no damage. Lightning courses through the centaur!!
You kill the centaur!
The endoplasm freezes you.
You are frozen.
You die...

#........#
#...#
#........#
#...#
####....#####
#####
#..........#
##
#..........#
#.
#........).#
####.
#..........#
#..+.
#...J).....#
#.##.
#...♣......#
#.#..
#..........#
#....
#..........#
#...#
#..........#
#.###
#..........#
#...#
############
###.# #.# #.#
#..


You could see an endoplasm.

Vanquished Creatures
  A centaur (D:4)
  A hound skeleton (D:4)
  3 adders
  A dart slug (D:3)
  2 orcs (D:3)
  4 ball pythons (D:1)
  5 endoplasms
  2 giant cockroaches
  7 goblins
  6 hobgoblins
  2 quokkas
  4 bats
  3 frilled lizards
  8 kobolds
  6 rats
55 creatures vanquished.

Vanquished Creatures (others)
  A plant (D:1)
1 creature vanquished.

Grand Total: 56 creatures vanquished

Notes
Turn   | Place    | Note
-------+----------+-------------------------------------------
     0 | D:1      | Tiocfaidh the Djinni Artificer began the quest for the Orb.
     0 | D:1      | Reached XP level 1. HP: 17/17 MP: 0/0
   106 | D:1      | Reached XP level 2. HP: 18/22 MP: 0/0
   732 | D:1      | Reached XP level 3. HP: 20/28 MP: 0/0
   732 | D:1      | Learned a level 1 spell: Summon Small Mammal
  1663 | D:2      | Reached skill level 1 in Stealth
  1780 | D:3      | Reached XP level 4. HP: 33/33 MP: 0/0
  1905 | D:3      | Reached skill level 1 in Short Blades
  2670 | D:4      | Reached XP level 5. HP: 38/38 MP: 0/0
  2670 | D:4      | Learned a level 2 spell: Blink
  2682 | D:4      | Noticed a centaur
  2717 | D:4      | HP: 2/57 [centaur (2)]
  2719 | D:4      | Killed a centaur
  2719 | D:4      | Frozen to death by an endoplasm

Illustrated notes

Levels and vault maps discovered:
D:1:      dpeg_arrival_orchard, layout_rooms, serial_bayou_pond_d,
          minmay_close_crescents
D:2:      layout_rooms, basic_altar
D:3:      layout_loops_ring, grunt_decor_arrowhead,
          minmay_misc_feat_more_columns
D:4:      layout_basic, minmay_misc_feat_columns, hex_tiny, uniq_ijyb

Skill      XL: |  1  2  3  4 |
---------------+-------------+-----
Fighting       | 2 |  2.2
Stealth        | 1 |  1.2
Short Blades   | 1 |  1.2
Maces & Flails | |  0.1
Armour         | |  1.9
Dodging        | |  2.7
Spellcasting   | |  0.2
Evocations     | |  3.4

Action                   |  1- 3 |  4- 6 || total
-------------------------+-------+-------++-------
Melee: Club              |    11 |       ||    11
       Dagger            |   136 |    97 ||   233
       Punch             |     3 |     1 ||     4
 Cast: Summon Small Mamm |     3 |       ||     3
       Blink             |       |     1 ||     1
Evoke: Wand              |     5 |       ||     5
  Use: Potion            |       |     5 ||     5
       Scroll            |       |     1 ||     1
 Stab: Sleeping          |     2 |     2 ||     4
Armor: Leather armour    |    29 |    13 ||    42
       Skin              |       |    18 ||    18
Dodge: Dodged            |    80 |    70 ||   150
